 Dungeon Crawl Stone Soup version 0.28.0-45-g0d030f2227 (webtiles) character file.

Game seed: 13576505115261644173

952 gohu the Cleaver (level 8, -5/71 HPs)
             Began as a Hill Orc Fighter on May 22, 2022.
             Slain by a slime creature (16 damage)
             ... on level 6 of the Dungeon.
             The game lasted 00:07:33 (3993 turns).

gohu the Cleaver (Hill Orc Fighter)                 Turns: 3993, Time: 00:07:34

Health: -5/71      AC: 14    Str: 21    XL:     8   Next: 14%
Magic:  8/8        EV:  6    Int:  8    God:
Gold:   308        SH:  4    Dex: 10    Spells: 7/7 levels left

rFire   . . .      SeeInvis .   a - +0 war axe
rCold   . . .      Faith    .   c - +0 buckler
rNeg    . . .      Spirit   .   h - +0 plate armour
rPois   .          Reflect  .   (no helmet)
rElec   .          Harm     .   (no cloak)
rCorr   .          Rampage  .   v - +0 pair of gloves
Will    .....                   q - +0 pair of boots
Stlth   ..........              (no amulet)
HPRegen 0.21/turn               (no ring)
MPRegen 0.11/turn               (no ring)

@: no status effects
A: no striking features
a: no special abilities


You were on level 6 of the Dungeon.
You visited 1 branch of the dungeon, and saw 6 of its levels.

You collected 308 gold pieces.

Inventory:

Hand Weapons
 a - a +0 war axe (weapon)
Missiles
 j - 2 throwing nets
 s - 5 boomerangs (quivered)
Armour
 b - a +0 scale mail
 c - a +0 buckler (worn)
 h - a +0 plate armour (worn)
 q - a +0 pair of boots (worn)
 v - a +0 pair of gloves (worn)
Jewellery
 x - an amulet of magic regeneration
Wands
 r - a wand of flame (11)
 y - a wand of charming (11)
Scrolls
 e - 2 scrolls of magic mapping {unknown}
 i - 4 scrolls of identify {unknown}
 k - a scroll of fear {unknown}
 l - a scroll of acquirement {unknown}
 m - 2 scrolls of teleportation {unknown}
 n - a scroll of immolation {unknown}
 p - a scroll of amnesia {unknown}
 t - a scroll of fog {unknown}
 w - a scroll of enchant weapon {unknown}
Potions
 d - 2 potions of might
 f - 2 potions of lignification {unknown}
 g - 2 potions of curing {unknown}
 o - 2 potions of flight {unknown}
 u - 2 potions of heal wounds {unknown}
 z - a potion of haste {unknown}


   Skills:
 * Level 6.5 Fighting
 * Level 9.1 Axes
 + Level 0.4 Throwing
 + Level 5.0 Armour
 + Level 3.8 Shields
 + Level 0.7 Evocations


You had 7 spell levels left.
You didn't know any spells.
Your spell library contained the following spells:

 Spells                   Type           Power      Damage    Failure   Level
 Foxfire                  Conj/Fire      0%         2x1d4     100%        1
 Conjure Flame            Conj/Fire      0%         6-21      100%        3
 Ignite Poison            Fire/Tmut/Pois 0%         N/A       100%        3
 Inner Flame              Hex/Fire       0%         N/A       100%        3
 Ozocubu's Armour         Ice            0%         N/A       100%        3
 Flame Wave               Conj/Fire      0%         2d4       100%        4
 Sticky Flame             Conj/Fire      0%         2d3       100%        4
 Metabolic Englaciation   Hex/Ice        0%         N/A       100%        5
 Simulacrum               Ice/Necr       0%         N/A       100%        6


Dungeon Overview and Level Annotations

Branches:
Dungeon (6/15)
 Temple: D:4-7

Altars:
Cheibriados


Message History

There is an open door here.
Things that are here:
a +0 short sword; a stone; a kobold corpse
There is an open door here.
The endoplasm hits you but does no damage.
The endoplasm hits you but does no damage.
You slash the endoplasm!
You kill the endoplasm!
There is an open gate here.
There is an open gate here.
The slime creature hits you!
The slime creature hits you but does no damage.
You slash the slime creature!
The slime creature is moderately wounded.
The slime creature barely misses you.
You hit the slime creature.
The slime creature is moderately wounded.
The slime creature hits you but does no damage.
You slash the slime creature!
The slime creature is heavily wounded.
The slime creature hits you! x2
You hit the slime creature.
The slime creature is heavily wounded.
The slime creature hits you!
You are too injured to fight recklessly!
You slash the slime creature!
The slime creature is severely wounded.
The slime creature jiggles.
The slime creature hits you but does no damage.
You barely miss the slime creature.
The slime creature is severely wounded.
The slime creature hits you!
You barely miss the slime creature.
The slime creature is severely wounded.
The slime creature hits you!
* * * LOW HITPOINT WARNING * * *
You slash the slime creature!
The slime creature is almost dead.
The slime creature hits you!
You die...

.......<.)#
#.#######)#
#.# #.##
##..###
#.....#
##'''##
##...##
##.@J..##
#.......#
#.......#
#.......#
#.......#
####....#
##..'....#
#.########
##..)...##


You could see a slime creature.

Vanquished Creatures
  An ice beast (D:5)
  A necrophage (D:5)
  An ogre (D:5)
  A phantom (D:5)
  2 kobold brigands (D:6)
  A centaur zombie (D:5)
  A hound (D:4)
  A centaur skeleton (D:4)
  4 jellies
  3 iguanas
  3 orc wizards
  2 howler monkey zombies (D:5)
  3 adders
  An adder skeleton (D:4)
  A worm (D:3)
  4 orcs
  6 endoplasms
  3 giant cockroaches
  8 goblins
  5 hobgoblins
  9 kobolds
  3 quokkas
  2 ball pythons
  5 bats
  3 frilled lizards
  7 rats
81 creatures vanquished.

Vanquished Creatures (others)
  3 fungi (D:6)
  7 toadstools (D:6)
10 creatures vanquished.

Grand Total: 91 creatures vanquished

Notes
Turn   | Place    | Note
-------+----------+-------------------------------------------
     0 | D:1      | gohu the Hill Orc Fighter began the quest for the Orb.
     0 | D:1      | Reached XP level 1. HP: 19/19 MP: 1/1
   239 | D:1      | Reached XP level 2. HP: 27/27 MP: 2/2
   348 | D:1      | Reached skill level 3 in Axes
   764 | D:1      | Reached XP level 3. HP: 33/34 MP: 3/3
  1114 | D:2      | Found a faded altar of an unknown god.
  1698 | D:3      | Reached skill level 4 in Axes
  1698 | D:3      | Reached XP level 4. HP: 39/41 MP: 4/4
  2460 | D:4      | Reached skill level 5 in Axes
  2460 | D:4      | Reached XP level 5. HP: 47/47 MP: 5/5
  2534 | D:4      | Reached skill level 5 in Fighting
  2693 | D:4      | Reached XP level 6. HP: 53/56 MP: 6/6
  2827 | D:5      | Entered Level 5 of the Dungeon
  2831 | D:5      | Reached skill level 6 in Axes
  3038 | D:5      | Found a snail-covered altar of Cheibriados.
  3115 | D:5      | Noticed an ice beast
  3129 | D:5      | Killed an ice beast
  3130 | D:5      | Reached skill level 7 in Axes
  3130 | D:5      | Reached XP level 7. HP: 62/62 MP: 7/7
  3463 | D:5      | Reached skill level 8 in Axes
  3855 | D:6      | Reached skill level 9 in Axes
  3855 | D:6      | Reached XP level 8. HP: 60/71 MP: 8/8
  3944 | D:6      | Reached skill level 5 in Armour
  3960 | D:6      | Noticed a slime creature
  3960 | D:6      | Noticed a slime creature
  3993 | D:6      | Slain by a slime creature

Illustrated notes

Levels and vault maps discovered:
D:1:      eino_arrival_water_cross, layout_loops_ring, grunt_decor_mini_mirrors
D:2:      kennysheep_big_flooded_room, layout_basic,
          chequers_ecumenical_altar_island
D:3:      layout_loops_ring
D:4:      layout_cave_pools
D:5:      layout_rooms, lemuel_tele_altar
D:6:      cheibrodos_fertilizer, layout_loops_ring, minmay_temple_entry_waves

Skill      XL: |  1  2  3  4  5  6  7  8 |
---------------+-------------------------+-----
Fighting       | 4 5 6 |  6.5
Axes           | 3 4 5 7 9 |  9.1
Armour         | 4 5 |  5.0
Throwing       | |  0.4
Shields        | |  3.8
Evocations     | |  0.7

Action                   |  1- 3 |  4- 6 |  7- 9 || total
-------------------------+-------+-------+-------++-------
Melee: War axe           |   100 |    99 |    74 ||   273
Throw: Boomerang         |       |     7 |     2 ||     9
Evoke: Wand              |       |     4 |     6 ||    10
Armor: Scale mail        |    23 |       |       ||    23
       Plate armour      |    33 |    81 |    35 ||   149
Dodge: Dodged            |    33 |    28 |    10 ||    71
Block: Buckler           |    20 |    18 |     9 ||    47
